AoeStats
← celtinhaPP2214

Four Lakes

510193488Analyzed
1v1 RM · 3d ago on Sep 29, 2026· 110m 56s· 2 players
Game mode
Random Map
Map size
Tiny (2 player)
Population
200
Speed
Normal
Resources
Standard
Victory
Conquest
Starting age
Dark Age
Ending age
Imperial Age
RankedLock teamsTeams togetherTeam positionsShared explorationLock speedFull tech treeHidden civsTurbo modeCheats
Victory
Defeat
🇨🇦 Slavs · Canada
469
+13
🇵🇹 Portuguese · Portugal
414
-13
celtinhaPP2214
15:26 Feudal Age
20:01 Horse Collar
20:20 Double-Bit Axe
23:20 Castle Age
29:33 Fletching
29:45 Padded Archer Armor
29:59 Bow Saw
29:54 Heavy Plow
33:27 Imperial Age
32:01 Murder Holes
35:14 Chemistry
34:35 Ballistics
35:12 Wheelbarrow
37:08 Bodkin Arrow
40:42 Two-Man Saw
41:14 Pikeman
42:00 Bracer
42:15 Leather Archer Armor
45:59 Elite Skirmisher
52:56 Scale Mail Armor
53:27 Ring Archer Armor
53:00 Arquebus
58:07 Stone Mining
58:08 Gold Mining
58:53 Crop Rotation
58:42 Hand Cart
58:57 Chain Mail Armor
58:53 Forging
60:37 Stone Shaft Mining
61:04 Plate Mail Armor
60:53 Siege Engineers
64:40 Iron Casting
64:21 Masonry
86:12 Elite Organ Gun
maneki_meko
11:11 Feudal Age
17:51 Castle Age
18:30 Double-Bit Axe
18:30 Horse Collar
18:34 Man-at-Arms
19:16 Squires
20:21 Wheelbarrow
21:35 Long Swordsman
23:43 Bow Saw
26:31 Scale Mail Armor
27:50 Detinets
27:29 Elite Skirmisher
28:32 Heavy Plow
28:28 Stone Mining
28:31 Gold Mining
29:35 Fletching
30:01 Chain Mail Armor
33:13 Gold Shaft Mining
34:33 Fishing Lines
41:18 Hand Cart
43:48 Imperial Age
42:56 Gillnets
45:34 Conscription
49:54 Elite Boyar
50:06 Crossbowman
50:55 Scale Barding Armor
50:46 Bodkin Arrow
50:51 Padded Archer Armor
51:22 Plate Mail Armor
51:03 Forging
51:37 Two-Handed Swordsman
55:00 Two-Man Saw
54:36 Crop Rotation
55:35 Heavy Cavalry Archer
57:57 Chain Barding Armor
58:14 Iron Casting
57:54 Leather Archer Armor
57:13 Light Cavalry
58:03 Bloodlines
57:54 Husbandry
57:15 Cavalier
58:01 Hussar
82:24 Capped Ram
84:34 Siege Ram
84:45 Siege Ram
91:13 Plate Barding Armor
91:38 Blast Furnace
91:09 Ring Archer Armor
97:44 Murder Holes
97:41 Guard Tower
98:04 Fortified Wall
98:00 Siege Engineers
98:07 Masonry
98:19 Ballistics
99:00 Chemistry
Connection lost

Rejoining the realm…

Still unreachable

The connection could not be restored.

Session expired

The server has moved on; the page needs a fresh start.